 Dungeon Crawl Stone Soup version 0.30.1-9-gdf580d7c3d (webtiles) character file.

Game seed: 4094707709248544688

214 Peloso the Covered (level 5, -7/47 HPs)
             Began as a Minotaur Fighter on Oct 20, 2023.
             Mangled by a gnoll
             ... wielding a +0 flail
              (8 damage)
             ... on level 3 of the Dungeon.
             The game lasted 00:02:51 (1454 turns).

Peloso the Covered (Minotaur Fighter)               Turns: 1454, Time: 00:02:51

Health: -7/47      AC:  7    Str: 21    XL:     5   Next: 59%
Magic:  4/4        EV: 10    Int:  5    God:
Gold:   43         SH:  5    Dex: 11    Spells: 4/4 levels left

rFire   . . .        a - +0 long sword
rCold   . . .        c - +0 buckler
rNeg    . . .        b - +0 scale mail
rPois   .            (helmet restricted)
rElec   .            (no cloak)
rCorr   .            (no gloves)
SInv    .            (no boots)
Will    .....        (no amulet) Stlth
                     (no ring)
HPRegen 0.27/turn    (no ring)
MPRegen 0.09/turn

%: no passive effects
@: mighty
A: horns 2, retaliatory headbutt
a: no special abilities


You were on level 3 of the Dungeon.
You visited 1 branch of the dungeon, and saw 3 of its levels.

You collected 43 gold pieces.

Inventory:

Hand Weapons
 a - a +0 long sword (weapon)
Armour
 b - a +0 scale mail (worn)
 c - a +0 buckler (worn)
Scrolls
 h - a scroll of identify
 i - a scroll of blinking {unknown}
 j - a scroll of teleportation {unknown}
 k - a scroll of noise {unknown}
Potions
 g - a potion of cancellation


   Skills:
 + Level 4.6 Fighting
 + Level 4.6 Long Blades
 + Level 4.6 Armour
 + Level 1.3 Dodging
 + Level 0.2 Stealth
 + Level 4.6 Shields


You had 4 spell levels left.
You didn't know any spells.
Your spell library was empty.

Dungeon Overview and Level Annotations

Branches:
Dungeon (3/15)

Altars:

Annotations:
D:3 Grinder


Innate Abilities, Weirdness & Mutations

You have a pair of horns on your head.
You reflexively headbutt those who attack you in melee.


Message History

The orc wizard shouts!
Grinder zaps a wand.
Some rock shatters into small pieces.
The orc wizard moves out of view.
A gnoll comes into view. It is wielding a +0 halberd.
The gnoll shouts!
You hear a shout! x2
The gnoll closely misses you. You furiously retaliate!
You headbutt the gnoll. You hit the gnoll.
The gnoll is severely wounded.
The gnoll hits you with a +0 halberd!
You closely miss the gnoll. You headbutt the gnoll.
The gnoll is severely wounded.
The gnoll hits you with a +0 halberd.
You hear a zap.
Some rock shatters into small pieces.
You slash the gnoll!
You kill the gnoll!
A gnoll comes into view. It is wielding a +0 flail.
The orc wizard gestures wildly while chanting.
The orc wizard flickers and vanishes!
Deactivating autopickup; reactivate with Ctrl-A.
You feel your dexterity returning.
You feel very mighty all of a sudden. The orc hits you with a +0 hand axe.
You slash the orc!
You kill the orc!
Grinder zaps a wand.
Some rock shatters into small pieces.
The orc priest invokes the aid of Beogh against you.
Beogh smites you!
You see here a +0 hand axe.
You closely miss the orc priest.
The orc priest hits you with a +0 flail!
* * * LOW HITPOINT WARNING * * *
Grinder blinks!
You slash the orc priest! You headbutt the orc priest!
You kill the orc priest!
The gnoll barely misses you.
You closely miss the orc priest. The gnoll hits you with a +0 flail!
* * * LOW HITPOINT WARNING * * *
The orc priest barely misses you. The gnoll hits you with a +0 flail!
You die...

#.#+##..#
#.......
#......#
#......#
#.#.5..#
#.#..# #.#..#
#.##o# #.##@#
#.##g# #.##)#
#.##.# #.##.#
#.##..
#.############
#............#
############.#


You could see Grinder, an orc priest and a gnoll.

Vanquished Creatures
  A scorpion (D:3)
  An orc priest (D:3)
  Natasha (D:2)
  A hound zombie (D:2)
  A hound skeleton (D:2)
  A gnoll (D:3)
  An adder (D:2)
  2 dart slugs (D:1)
  An orc (D:3)
  4 bats
  2 endoplasms
  A giant cockroach (D:1)
  3 goblins
  6 hobgoblins
  4 jackals (D:1)
  4 kobolds
  3 quokkas (D:2)
  A ball python zombie (D:2)
  3 frilled lizards
  A quokka skeleton (D:2)
  A quokka zombie (D:2)
  5 rats
48 creatures vanquished.

Notes
Turn   | Place    | Note
-------+----------+-------------------------------------------
     0 | D:1      | Peloso the Minotaur Fighter began the quest for the Orb.
     0 | D:1      | Reached XP level 1. HP: 19/19 MP: 0/0
    78 | D:1      | Reached XP level 2. HP: 21/27 MP: 1/1
   584 | D:2      | Reached XP level 3. HP: 32/33 MP: 2/2
   589 | D:2      | Noticed Natasha
   595 | D:2      | Killed Natasha
   725 | D:2      | Reached XP level 4. HP: 38/40 MP: 3/3
   940 | D:2      | Reached skill level 1 in Dodging
  1263 | D:3      | Noticed a scorpion
  1268 | D:3      | Killed a scorpion
  1269 | D:3      | Reached XP level 5. HP: 31/47 MP: 4/4
  1439 | D:3      | Noticed Grinder
  1454 | D:3      | HP: 1/47 [gnoll/+0 flail (9)]
  1454 | D:3      | Mangled by a gnoll

Illustrated notes

Levels and vault maps discovered:
D:1:      onia_arrival_pentagram, layout_rooms, serial_park_tiny_1
D:2:      layout_rooms, serial_undead, serial_undead_b, serial_undead_e,
          serial_undead_b, serial_undead_f, minmay_misc_feat_roman, uniq_natasha
D:3:      layout_basic, mainiacjoe_overflow_surrounded_room,
          mainiacjoe_overflow_alcove_4, uniq_grinder

Skill      XL: |  1  2  3  4 |
---------------+-------------+-----
Armour         | 4 |  4.6
Fighting       | 4 |  4.6
Shields        | 4 |  4.6
Long Blades    | 3 4 |  4.6
Dodging        | 1 |  1.3
Stealth        | |  0.2

Action                     |  1- 3 |  4- 6 || total
---------------------------+-------+-------++-------
  Melee: Long sword        |    61 |    47 ||   108
         Headbutt          |     7 |    10 ||    17
    Use: Potion            |     3 |     1 ||     4
         Scroll            |     1 |     3 ||     4
 Armour: Scale mail        |    46 |    20 ||    66
  Dodge: Dodged            |    40 |    23 ||    63
  Block: Buckler           |    21 |     3 ||    24
